 Dungeon Sprint DCSS version 0.27-a0-1525-g1038ab4fd7 (webtiles) character file.

Game seed: 1876995812076198719

278 mhtbhm the Covered (level 6, -3/41 HPs)
             Began as a Gargoyle Fighter on July 10, 2021.
             Slain by a shadow (22 damage)
             ... in the Dungeon (Sprint III: "The Ten Rune Challenge").
             The game lasted 00:01:14 (804 turns).

mhtbhm the Covered (Gargoyle Fighter)                Turns: 804, Time: 00:01:14

Health: -3/41      AC:  6    Str: 22    XL:     6   Next: 26%
Magic:  6/6        EV:  9    Int:  8    God:
Gold:   35         SH: 10    Dex:  9    Spells: 5/5 levels left

rFire    . . .     SeeInvis .   a - +0 flail
rCold    . . .     Faith    .   c - +0 kite shield
rNeg     + . .     Spirit   .   b - +0 scale mail
rPois    ∞         Reflect  .   (no helmet)
rElec    +         Harm     .   (no cloak)
rCorr    .         Rampage  .   (no gloves)
Will     .....     NoTele   +   k - +1 pair of boots
Stlth    ..........             (no amulet)
HPRegen  0.13/turn              (no ring)
MPRegen  0.10/turn              (no ring)

@: corroded
A: sickness immunity, AC +4, negative energy resistance 1, electricity
resistance, torment resistance 1, petrification resistance
a: no special abilities


You were in the Dungeon.
You visited 1 branch You collected 35 gold pieces.

Inventory:

Hand Weapons
 a - a +0 flail (weapon)
Armour
 b - a +0 scale mail (worn)
 c - a +0 kite shield (worn)
 k - a +1 pair of boots (worn)
Scrolls
 f - a scroll of holy word
 i - 2 scrolls of identify
 j - a scroll of blinking
 m - a scroll of torment
Potions
 g - a potion of haste
 h - 2 potions of magic
 l - 4 potions of flight
 n - 5 potions of mutation


   Skills:
 + Level 6.3 Fighting
 + Level 7.4 Maces & Flails
 + Level 7.5 Armour
 + Level 2.4 Dodging
 + Level 7.3 Shields


You had 5 spell levels left.
You didn't know any spells.
Your spell library contained the following spells:

 Spells                   Type           Power      Damage    Failure   Level
 Gell's Gravitas          Tloc           0%         N/A       100%        3
 Teleport Other           Tloc           0%         N/A       100%        3
 Dispersal                Tloc           0%         N/A       100%        6


Dungeon Overview and Level Annotations

Branches:
Dungeon (1/1)

Altars:
Dithmenos
Kikubaaqudgha
Ru
Sif Muna
Vehumet
Yredelemnul


Innate Abilities, Weirdness & Mutations

You are immune to sickness and miasma.
Your stone body is resilient. (AC +4)
You are immune to poison.
You resist negative energy. (rN+)
You are resistant to electric shocks. (rElec)
You are resistant to unholy torment.
You are immune to petrification.


Message History

The shadow is almost destroyed.
The shadow slips into darkness.
The shadow flickers and vanishes!
Deactivating autopickup; reactivate with Ctrl-A.
The jelly hits you.
You are splashed with acid.
The shadow strikes at you from the darkness!
Reactivating autopickup.
Unknown command.
You hit the jelly.
Your hands burn!
The jelly is lightly wounded.
The jelly closely misses you.
You hit the jelly.
Your hands burn!
The jelly is lightly wounded.
The jelly hits you but does no damage.
You hit the jelly. The acid corrodes you!
Your hands burn!
The jelly is heavily wounded.
The jelly hits you but does no damage.
You hit the jelly but do no damage.
Your hands burn!
The jelly is heavily wounded.
You block the jelly's attack.
You thump the jelly! The acid corrodes you!
Your hands burn!
The jelly is almost dead.
The shadow slips into darkness.
The shadow flickers and vanishes!
Deactivating autopickup; reactivate with Ctrl-A.
The jelly barely misses you. You block the jelly's attack.
You sock the jelly!
You kill the jelly!
You miss something.
The shadow strikes at you from the darkness!
Reactivating autopickup.
You closely miss the shadow.
The shadow is almost destroyed.
The shadow slips into darkness.
The shadow flickers and vanishes!
Deactivating autopickup; reactivate with Ctrl-A.
You closely miss something.
The shadow strikes at you from the darkness!
Ouch! That really hurt!
You die...

▓▓▓ ##.# ####
####..# #__#
#..#..# #._#
#..#..###+#+###)##
##'#..#..........#
###...'.⌠.......@#
###...#...######{#
##....#.⌠.# #...#
#.....#...# #...#
......#'### #...#
#.....#)).# #...+
##....#___# +...#
▓▓▓▓▓▓▓▓▓▓ ▓▓▓▓▓


There were no monsters in sight!

Vanquished Creatures
  A necrophage (D)
  A water elemental (D)
  A jelly (D)
  A wizard (D)
  A necromancer (D)
  A kobold demonologist (D)
  A human (D)
  A wolf (D)
  4 rats (D)
12 creatures vanquished.

Notes
Turn   | Place    | Note
-------+----------+-------------------------------------------
     0 | D        | mhtbhm the Gargoyle Fighter began the quest for the Orb.
     0 | D        | Reached XP level 1. HP: 14/14 MP: 1/1
   195 | D        | Reached XP level 2. HP: 20/20 MP: 2/2
   277 | D        | HP: 1/20 [wolf (2)]
   279 | D        | Reached XP level 3. HP: 2/24 MP: 3/3
   560 | D        | Noticed a water elemental
   572 | D        | Killed a water elemental
   573 | D        | Reached skill level 5 in Fighting
   573 | D        | Reached skill level 5 in Armour
   573 | D        | Reached skill level 1 in Dodging
   573 | D        | Reached skill level 5 in Shields
   573 | D        | Reached XP level 4. HP: 17/31 MP: 4/4
   579 | D        | Found a radiant altar of Vehumet.
   580 | D        | Found a shimmering blue altar of Sif Muna.
   580 | D        | Found an ancient bone altar of Kikubaaqudgha.
   580 | D        | Noticed a wizard
   581 | D        | Killed a wizard
   582 | D        | Reached skill level 5 in Maces & Flails
   582 | D        | Reached XP level 5. HP: 21/35 MP: 5/5
   584 | D        | Noticed an ice devil
   607 | D        | Found a basalt altar of Yredelemnul.
   607 | D        | Found a shadowy altar of Dithmenos.
   607 | D        | Found a sacrificial altar of Ru.
   607 | D        | Noticed a necrophage
   626 | D        | Killed a necrophage
   627 | D        | Reached XP level 6. HP: 20/41 MP: 6/6
   791 | D        | Noticed a shadow
   804 | D        | Slain by a shadow

Illustrated notes

Levels and vault maps discovered:
D:        dungeon_sprint_mu [sprint_mu_entry_cave, sprint_mu_temple_rooms,
          sprint_mu_d1_spiders, sprint_mu_d2_genie, sprint_mu_d3_branching,
          sprint_mu_orc_legion, sprint_mu_elf_gauntlet, sprint_mu_hive_nellie,
          sprint_mu_lair_fedhas, sprint_mu_vaults_butterflies,
          sprint_mu_slime_circle, sprint_mu_shoals_kraken,
          sprint_mu_snake_twists, sprint_mu_blade_basic,
          sprint_mu_crypt_chambers, sprint_mu_tomb_spiral,
          sprint_mu_vestibule_basic, sprint_mu_gehenna_hellfire,
          sprint_mu_dis_giant, sprint_mu_tartarus_statrot,
          sprint_mu_cocytus_islands, sprint_mu_zot1]

Skill      XL: |  1  2  3  4  5 |
---------------+----------------+-----
Fighting       | 4 5 6 |  6.3
Maces & Flails | 3 4 5 7 |  7.4
Armour         | 4 5 6 7 |  7.5
Shields        | 4 5 6 7 |  7.3
Dodging        | 1 2 |  2.4

Action                   |  1- 3 |  4- 6 || total
-------------------------+-------+-------++-------
Melee: Flail             |    49 |    35 ||    84
  Use: Potion            |     4 |       ||     4
       Scroll            |     2 |       ||     2
Armor: Scale mail        |    23 |    12 ||    35
Dodge: Dodged            |    12 |     4 ||    16
Block: Kite shield       |    32 |    14 ||    46

Table legend: (Time is in decaauts)
 A = Elapsed time spent in this place.
 B = Non-inter-level travel time spent in this place.
 C = Inter-level travel time spent in this place.
 D = Time resting spent in this place.
 E = Time spent auto-exploring this place.
 F = Levels seen in this place.
 G = Mean time per level.
                   A        B        C        D        E       F      G
               +--------+--------+--------+--------+--------+-----+--------+
         Total |    838 |    838 |      0 |    477 |    144 |   1 |  838.0 |
       Dungeon |    838 |    838 |      0 |    477 |    144 |   1 |  838.0 |
               +--------+--------+--------+--------+--------+-----+--------+

Top non-repeatable levels by time:
       D: 838 daAuts
